 Dungeon Crawl Stone Soup version 0.30-a0-54-g2e61a25929 (webtiles) character file.

Game seed: 13560712340948362589

44 IdlyInterested the Cudgeller (level 3, -1/27 HPs)
             Began as a Demonspawn Wanderer on Sept 7, 2022.
             Slain by a gnoll
             ... wielding a +0 spear
              (5 damage)
             ... on level 2 of the Dungeon.
             The game lasted 00:05:40 (2255 turns).

IdlyInterested the Cudgeller (Demonspawn Wanderer)  Turns: 2255, Time: 00:05:42

Health: -1/27      AC:  2    Str:  9 (11) XL:     3   Next: 39%
Magic:  0/4        EV: 11    Int: 16 (17) God:
Gold:   0          SH:  0    Dex: 10 (13) Spells: 2/4 levels left

rFire   . . .      SeeInvis .    a - +3 mace
rCold   . . .      Faith    .    (no shield)
rNeg    . . .      Spirit   .    c - +0 robe
rPois   .          Reflect  .    (no helmet)
rElec   .          Harm     .    (no cloak)
rCorr   .          Rampage  .    (no gloves)
Will    .....                    (no boots)
Stlth   +.........               (no amulet)
HPRegen 0.09/turn                (no ring)
MPRegen 0.09/turn                (no ring)

@: no status effects
A: foul stench 1, big brain 1
a: no special abilities


You were on level 2 of the Dungeon.
You visited 1 branch of the dungeon, and saw 2 of its levels.

You collected 40 gold pieces.
You spent 40 gold pieces at shops.

Inventory:

Hand Weapons
 a - a +3 mace (weapon)
 m - a +0 spear of venom
Missiles
 g - 4 poisoned darts
 p - 3 javelins
Armour
 c - a +0 robe (worn)
 l - a +0 ring mail
Scrolls
 d - a scroll of butterflies {unknown}
 e - a scroll of fear
Potions
 b - 2 potions of heal wounds
 f - a potion of mutation
 i - 3 potions of curing
 n - a potion of brilliance
 o - a potion of might


   Skills:
 - Level 2.0 Fighting
 - Level 3.0 Maces & Flails
 + Level 0.5(1.9) Staves
 - Level 1.0 Throwing
 - Level 2.0 Armour
 * Level 0.5 Stealth
 + Level 1.0 Spellcasting
 * Level 2.6 Conjurations


You had 2 spell levels left.
You knew the following spells:

 Your Spells              Type           Power      Damage    Failure   Level
a - Searing Ray           Conj           18%        2d5       12%         2

Your spell library contained the following spells:

 Spells                   Type           Power      Damage    Failure   Level
 Static Discharge         Conj/Air       8%         3-4/arc   21%         2


Dungeon Overview and Level Annotations

Branches:
Dungeon (2/15)

Altars:

Shops:
D:1 ?


Innate Abilities, Weirdness & Mutations

You may rarely emit foul miasma when damaged in melee.
You have an unusually large brain. (Int +2)


Message History

3 gnolls come into view.
The gnoll shouts! x3
The gnoll barely misses you.
The gnoll hits you from afar with a +0 spear!
Aiming: Searing Ray (safe; 12% risk of failure)
Press: ? - help, Q - select action, (/) - cycle Shift-Dir - straight line, f - gnoll
Aim: a gnoll, wielding a +0 spear (79% to hit)
The searing ray misses the gnoll. x3 (Press . to maintain the ray.)
The gnoll closely misses you.
The searing ray hits the gnoll.
The gnoll is lightly wounded.
The searing ray misses the gnoll.
The searing ray hits the gnoll.
The gnoll is moderately wounded.
The gnoll hits you from afar with a +0 spear.
The searing ray hits the gnoll!
The gnoll is severely wounded.
The searing ray hits the gnoll.
The gnoll is moderately wounded.
The searing ray hits the gnoll.
The gnoll is severely wounded.
The gnoll hits you from afar with a +0 spear.
You feel much better.
The gnoll hits you from afar with a +0 spear.
The gnoll closely misses you. The gnoll barely misses you.
You barely miss the gnoll.
The gnoll is severely wounded.
The gnoll closely misses you. x2
You hit the gnoll.
The gnoll is severely wounded.
The gnoll completely misses you.
The gnoll hits you from afar with a +0 spear.
You hit the gnoll but do no damage.
The gnoll is severely wounded.
The gnoll barely misses you.
The gnoll hits you from afar with a +0 spear!
The gnoll hits you with a +0 spear.
* * * LOW HITPOINT WARNING * * *
The gnoll hits you from afar with a +0 spear.
You die...

#.# #...# ## #.# #.###
#g ..# #.# #g #.# #. #.#
#g #.# ######. #.#
......)###############.#
#.....ggg@.......#
#.################ #.#
#.# #.# .. ..# ## ###


You could see 3 gnolls.

Vanquished Creatures
  An adder (D:2)
  3 bats
  5 endoplasms
  2 hobgoblins
  3 jackals (D:2)
  5 kobolds
  A quokka (D:1)
  3 ball pythons
  A frilled lizard (D:1)
  4 goblins (D:1)
  3 rats
31 creatures vanquished.

Notes
Turn   | Place    | Note
-------+----------+-------------------------------------------
     0 | D:1      | IdlyInterested the Demonspawn Wanderer began the quest for
                  | the Orb.
     0 | D:1      | IdlyInterested set off with the following items: a +3 mace,
                  | a potion of heal wounds, a +0 robe; and the following
                  | spells available to memorise: Searing Ray, Static
                  | Discharge.
     0 | D:1      | Reached XP level 1. HP: 15/15 MP: 2/2
   194 | D:1      | Gained mutation: You may rarely emit foul miasma when
                  | damaged in melee. [demonic ancestry]
   194 | D:1      | Reached XP level 2. HP: 21/21 MP: 3/3
   354 | D:1      | Found a faded altar of an unknown god.
   597 | D:1      | Learned a level 2 spell: Searing Ray
  1320 | D:1      | Found Jamakk's Magic Scroll Boutique.
  1642 | D:2      | Gained mutation: You have an unusually large brain. (Int
                  | +2) [demonic ancestry]
  1642 | D:2      | Reached XP level 3. HP: 27/27 MP: 1/4
  1815 | D:2      | Reached skill level 3 in Maces & Flails
  1962 | D:1      | Bought a scroll of fear for 40 gold pieces
  2255 | D:2      | Slain by a gnoll

Illustrated notes

Levels and vault maps discovered:
D:1:      minmay_arrival_hallway, layout_basic, shapermc_ecumenical_altar_venn,
          serial_forest, infiniplex_forest_straight_1,
          infiniplex_forest_zigzag_1, infiniplex_forest_straight_5,
          infiniplex_forest_lined_ring, infiniplex_forest_lined_1,
          infiniplex_forest_straight_2, serial_shops, shop,
          roderic_roman_lattice, minmay_misc_feat_rugged
D:2:      layout_loops_ring, chequers_serial_rivers_room_b

Skill      XL: |  1  2  3 |
---------------+----------+-----
Armour         | 2 |  2.0
Maces & Flails | 3 |  3.0
Fighting       | 2 |  2.0
Staves         | |  0.5
Throwing       | |  1.0
Stealth        | |  0.5
Spellcasting   | |  1.0
Conjurations   | |  2.6

Action                   || total
-------------------------++-------
Melee: Mace              ||    58
Throw: Dart              ||     1
 Cast: Searing Ray       ||     3
  Use: Scroll            ||     5
       Potion            ||     4
 Stab: Sleeping          ||     4
Armor: Robe              ||    10
Dodge: Dodged            ||    51

Table legend: (Time is in decaauts)
 A = Elapsed time spent in this place.
 B = Non-inter-level travel time spent in this place.
 C = Inter-level travel time spent in this place.
 D = Time resting spent in this place.
 E = Time spent auto-exploring this place.
 F = Levels seen in this place.
 G = Mean time per level.
                   A        B        C        D        E       F      G
               +--------+--------+--------+--------+--------+-----+--------+
         Total |   2270 |   2057 |    213 |    656 |   1075 |   2 | 1135.0 |
       Dungeon |   2270 |   2057 |    213 |    656 |   1075 |   2 | 1135.0 |
               +--------+--------+--------+--------+--------+-----+--------+

Top non-repeatable levels by time:
     D:1: 1732 daAuts
     D:2: 537 daAuts
